 Dungeon Crawl Stone Soup version 0.27-a0-1123-g2f9bb313c0 (webtiles) character file.

Game seed: 934585648046766952

46 Azzok the Chopper (level 3, -1/29 HPs)
             Began as a Demonspawn Berserker on May 3, 2021.
             Was a Follower of Trog.
             Slain by a worm (10 damage)
             ... on level 2 of the Dungeon.
             The game lasted 00:01:16 (1787 turns).

Azzok the Chopper (Demonspawn Berserker)            Turns: 1787, Time: 00:01:16

Health: -1/29      AC:  5    Str: 18    XL:     3   Next: 44%
Magic:  3/3        EV: 11    Int:  8    God:    Trog [*.....]
Gold:   41         SH:  0    Dex: 12    Spells: 2/2 levels left

rFire    . . .     SeeInvis .   a - +0 hand axe
rCold    . . .     Faith    .   (no shield)
rNeg     . . .     Spirit   .   g - +0 ring mail
rPois    .         Reflect  .   (helmet restricted)
rElec    .         Harm     .   (no cloak)
rCorr    .         Rampage  .   (no gloves)
Will     .....                  (no boots)
Stlth    +.........             (no amulet)
HPRegen  0.09/turn              (no ring)
MPRegen  0.08/turn              (no ring)

@: no status effects
A: antennae 1
a: Renounce Religion, Berserk


You were on level 2 of the Dungeon.
You worshipped Trog.
Trog was aware of your devotion.
You visited 1 branch of the dungeon, and saw 2 of its levels.

You collected 41 gold pieces.

Inventory:

Hand Weapons
 a - a +0 hand axe (weapon)
Armour
 b - a +0 animal skin
 e - a +0 buckler
 g - a +0 ring mail (worn)
Jewellery
 c - a ring of resist corrosion
Scrolls
 f - a scroll of brand weapon {unknown}
Potions
 d - a potion of degeneration {unknown}


   Skills:
 - Level 3.0 Fighting
 + Level 4.1 Axes
 - Level 1.7 Armour
 - Level 1.7 Dodging


You had 2 spell levels left.
You didn't know any spells.
Your spell library was empty.

Dungeon Overview and Level Annotations

Branches:
Dungeon (2/15)

Altars:


Innate Abilities, Weirdness & Mutations

You have a pair of small antennae on your head.


Message History

You are no longer berserk.
You are exhausted.
You feel yourself slow down.
You feel yourself speed up.
You recover from your berserk rage.
There is a fountain of sparkling water here.
There is a fountain of clear blue water here.
Found a club.
You enter the shallow water.
Moving in this stuff is going to be slow.
You enter the shallow water.
Moving in this stuff is going to be slow.
Found a stone staircase leading down.
Found an escape hatch in the ceiling.
A quokka comes into view.
A quokka is nearby!
A quokka is nearby!
A worm comes into view.
Found a stone staircase leading down.
The quokka barely misses you. The quokka barely misses you. x2
You slash the quokka!
You kill the quokka!
Trog accepts your kill.
You hit the worm. The worm bites you!
You see here a quokka corpse.
The worm misses you.
You hit the worm but do no damage.
The worm is moderately wounded.
The worm bites you!
You hit the worm.
The worm is heavily wounded.
You hit the worm but do no damage.
The worm is heavily wounded.
The worm bites you.
* * * LOW HITPOINT WARNING * * *
You barely miss the worm.
The worm is heavily wounded.
The worm bites you!
You die...

·····················▒
·····················▒
·········▒▒▒▒········▒
▒▒··▒▒▒▒▒▒ ▒········▒
▒··▒▒ ▒▒▒▒▒▒·▒▒▒▒▒▒▒
▒·▒▒ ▒▒······▒·····▒▒
▒·▒ ▒··············▒▒
▒·▒ ······>·········▒
@·▒ ···<····†@······▒
·▒▒ ········w····>··▒
·▒ ················▒
▒▒ ················▒ ▒
················▒ ·
▒··············▒▒ ▒
▒▒······▒·····▒▒
▒▒▒▒▒▒·▒▒▒▒▒▒▒


You could see a worm.

Vanquished Creatures
  Terence (D:2)
  2 ball pythons (D:1)
  An endoplasm (D:1)
  A giant cockroach (D:2)
  A goblin (D:2)
  2 hobgoblins (D:1)
  3 kobolds (D:1)
  A quokka (D:2)
  7 bats (D:1)
  2 rats (D:1)
21 creatures vanquished.

Vanquished Creatures (others)
  6 plants (D:2)
6 creatures vanquished.

Grand Total: 27 creatures vanquished

Notes
Turn   | Place    | Note
-------+----------+-------------------------------------------
     0 | D:1      | Azzok the Demonspawn Berserker began the quest for the Orb.
     0 | D:1      | Reached XP level 1. HP: 18/18 MP: 1/1
   333 | D:1      | Reached skill level 3 in Axes
   578 | D:1      | Gained mutation: You have a pair of small antennae on your
                  | head. [demonic ancestry]
   578 | D:1      | Reached XP level 2. HP: 7/24 MP: 2/2
  1525 | D:2      | Noticed Terence
  1569 | D:2      | Killed Terence
  1570 | D:2      | Reached skill level 4 in Axes
  1570 | D:2      | Reached XP level 3. HP: 23/29 MP: 3/3
  1787 | D:2      | Slain by a worm

Illustrated notes

Levels and vault maps discovered:
D:1:      nicolae_arrival_memento_mori, layout_basic
D:2:      cheibrodos_helix_gallery, layout_rooms,
          hellmonk_ecumenical_altar_pennies_from_heaven,
          grunt_decor_mini_mirrors, chequers_serial_rivers_micro_a,
          chequers_big_river, uniq_terence, uniq_jessica

Skill      XL: |  1  2 |
---------------+-------+-----
Axes           | 3 4 |  4.1
Fighting       | |  3.0
Armour         | |  1.7
Dodging        | |  1.7

Action                   || total
-------------------------++-------
Melee: Hand axe          ||    76
Invok: Berserk           ||     1
 Stab: Sleeping          ||     1
Armor: Animal skin       ||    30
       Ring mail         ||     1
Dodge: Dodged            ||    74

Table legend: (Time is in decaauts)
 A = Elapsed time spent in this place.
 B = Non-inter-level travel time spent in this place.
 C = Inter-level travel time spent in this place.
 D = Time resting spent in this place.
 E = Time spent auto-exploring this place.
 F = Levels seen in this place.
 G = Mean time per level.
                   A        B        C        D        E       F      G
               +--------+--------+--------+--------+--------+-----+--------+
         Total |   1812 |   1762 |     50 |     45 |   1469 |   2 |  906.0 |
       Dungeon |   1812 |   1762 |     50 |     45 |   1469 |   2 |  906.0 |
               +--------+--------+--------+--------+--------+-----+--------+

Top non-repeatable levels by time:
     D:1: 1505 daAuts
     D:2: 307 daAuts
